 Dungeon Crawl Stone Soup version 0.18-a0-1323-g706dcef (webtiles) character file.

141 inmateoo the Chopper (level 4, -1/37 HPs)
             Began as a Demigod Skald on Feb 15, 2016.
             Slain by a worker ant (5 damage)
             ... on level 4 of the Dungeon.
             The game lasted 00:04:02 (2524 turns).

inmateoo the Chopper (Demigod Skald)                Turns: 2524, Time: 00:04:02

Health: -1/37      AC: 10    Str: 17    XL:     4   Next: 73%
Magic:  9/9        EV:  7    Int: 16    God:
Gold:   97         SH:  0    Dex: 15    Spells: 3 memorised, 0 levels left

rFire  . . .     SeeInvis .     a - +0 hand axe
rCold  . . .     Gourm    .     t - +0 chain mail {rPois}
rNeg   . . .     Faith    .     (no shield)
rPois  +         Spirit   .     l - +0 helmet
rElec  .         Dismiss  .     o - +0 cloak
rCorr  .         Reflect  .     (no gloves)
SustAt +         Harm     .     (no boots)
MR     .....                    (no amulet)
Stlth  ..........               (no ring)
                                (no ring)

@: not resistant to hostile enchantments, extremely unstealthy
A: high mp 1, sustain attributes
a: no special abilities


You were on level 4 of the Dungeon.
You were near starving.

You visited 1 branch of the dungeon, and saw 4 of its levels.

You collected 97 gold pieces.

Inventory:

Hand Weapons
 a - a +0 hand axe (weapon)
Armour
 l - a +0 helmet (worn)
 o - a +0 cloak (worn)
 t - a +0 chain mail of poison resistance (worn)
Jewellery
 x - a +2 ring of protection {unknown}
Scrolls
 e - a scroll of immolation {unknown}
 f - 4 scrolls of remove curse {unknown}
 g - 5 scrolls of noise {unknown}
 h - 4 scrolls of identify {unknown}
 p - a scroll of magic mapping {unknown}
 q - a scroll of recharging {unknown}
 s - a scroll of amnesia {unknown}
 u - a scroll of enchant armour {unknown}
 v - a scroll of blinking {unknown}
 w - a scroll of teleportation {unknown}
Potions
 b - a potion of haste {unknown}
 i - a potion of mutation {unknown}
 j - a potion of heal wounds {unknown}
 m - 2 potions of flight {unknown}
 n - 2 potions of curing
 r - a potion of magic {unknown}
Books
 c - a book of Battle

   Spells                             Type                      Level
   a - Infusion                       Charms                       1
   b - Shroud of Golubria             Charms/Translocation         2
   c - Song of Slaying                Charms                       2
   d - Spectral Weapon                Hexes/Charms                 3
   e - Regeneration                   Charms/Necromancy            3
Comestibles
 d - a bread ration
 k - 2 fruits


   Skills:
 + Level 2.6 Fighting
 * Level 3.0 Axes
 + Level 2.0 Armour
 + Level 1.8 Dodging
 + Level 1.9 Spellcasting
 + Level 2.9 Charms
 + Level 0.1 Necromancy


You couldn't memorise any spells.
You knew the following spells:

 Your Spells              Type           Power        Failure   Level  Hunger
a - Infusion              Chrm           ##..         93%         1    #......
b - Song of Slaying       Chrm           ##......     99%         2    ###....
c - Regeneration          Chrm/Necr      #.........   100%        3    ###....


Dungeon Overview and Level Annotations

Branches:
Dungeon (4/15)
 Temple: D:4-7


Innate Abilities, Weirdness & Mutations

You have an increased reservoir of magic (+10% MP).
Your attributes are resistant to harm.


Message History

The worker ant closely misses you. The worker ant barely misses you.
You hit the worker ant.
The worker ant is severely wounded.
The worker ant closely misses you.
You barely miss the worker ant.
The worker ant is severely wounded.
The worker ant bites you but does no damage.
The worker ant bites you.
* * * LOW HITPOINT WARNING * * *
You hit the worker ant but do no damage.
The worker ant is severely wounded.
You are near starving!
The worker ant barely misses you.
You barely miss the worker ant.
The worker ant is severely wounded.
The worker ant barely misses you.
Your chain mail prevents you from hitting the worker ant.
The worker ant is severely wounded.
The worker ant bites you.
You die...

## ## #.
.# ##♣.
.♣## #?..
...#
#.>.♣.<.#
#...a...#
♣)@.♣
#...#
#####


You could see a worker ant.

Vanquished Creatures
  An orc priest (D:3)
  4 adders
  A worm (D:2)
  2 giant geckos
  8 orcs
  5 bats
  8 giant cockroaches
  11 goblins
  5 hobgoblins
  4 giant newts
  9 kobolds
  5 rats
63 creatures vanquished.

Vanquished Creatures (others)
  5 toadstools (D:1)
5 creatures vanquished.

Grand Total: 68 creatures vanquished

Notes
Turn   | Place    | Note
--------------------------------------------------------------
     0 | D:1      | inmateoo the Demigod Skald began the quest for the Orb.
     0 | D:1      | Reached XP level 1. HP: 17/17 MP: 5/5
    23 | D:1      | Reached skill level 1 in Armour
    23 | D:1      | Reached skill level 1 in Dodging
   130 | D:1      | Reached XP level 2. HP: 14/24 MP: 7/7
  1004 | D:2      | Reached XP level 3. HP: 19/29 MP: 8/8
  1775 | D:3      | Reached XP level 4. HP: 27/37 MP: 0/9
  1855 | D:3      | Found a white marble altar of Elyvilon.
  1956 | D:3      | Learned a level 2 spell: Song of Slaying
  1960 | D:3      | Learned a level 3 spell: Regeneration
  2011 | D:3      | Found a blossoming altar of Fedhas.
  2390 | D:3      | Reached skill level 3 in Axes
  2524 | D:4      | Slain by a worker ant

Vault maps used:
D:1:      ldierk_walled_garden
D:3:      elyvilon_altar_5, marbit_many_paths, patterned_corridor
D:4:      serial_shops, nicolae_shop_window_shopping, first_bread,
          grunt_ministairs_7, dk_rats_in_the_wall, uniq_crazy_yiuf_cottage

Action                   |  1- 3 |  4- 6 || total
-------------------------+-------+-------++-------
Melee: Hand axe          |   141 |    94 ||   235
 Cast: Infusion          |     1 |       ||     1
  Use: Potion            |       |     2 ||     2
 Stab: Sleeping          |     1 |       ||     1
  Eat: Chunk             |     3 |     1 ||     4
